 Dungeon Crawl Stone Soup version 0.31-a0-986-g5e6e4ef867 (webtiles) character file.

Game seed: 13473328389073680395

147 LeprechaunX the Changeling (level 5, -5/35 HPs)
             Began as an Octopode Shapeshifter on Nov 6, 2023.
             Killed from afar by an orc wizard (8 damage)
             ... with a puff of flame
             ... on level 4 of the Dungeon.
             The game lasted 00:02:26 (2713 turns).

LeprechaunX the Changeling (Octopode Shapeshifter)  Turns: 2713, Time: 00:02:26

Health: -5/35      AC:  1    Str: 13    XL:     5   Next: 29%
Magic:  5/5        EV: 13    Int: 18    God:
Gold:   151        SH:  0    Dex: 20    Spells: 4/4 levels left

rFire   . .          .
                       - Unarmed
rCold   . . .        (no shield)
rNeg    . . .        (helmet currently unavailable)
rPois   .            (no amulet)
rElec   .            d - +6 ring of intelligence
rCorr   .            i - +6 ring of dexterity
SInv    .            (no ring)
Will    .....        (no ring)
Stlth   +++          (no ring)
HPRegen 0.25/turn    (no ring)
MPRegen 0.09/turn    (no ring)
                     (no ring)

%: no passive effects
@: beast-form
A: beast (slay +2), almost no armour, amphibious, 8 rings, camouflage 1,
gelatinous body 1, (nimble swimmer 1), tentacles
a: Begin Untransformation


You were on level 4 of the Dungeon.
You were a hulking beast.
You visited 1 branch of the dungeon, and saw 4 of its levels.

You collected 151 gold pieces.

Inventory:

Hand Weapons
 o - a +0 sling
Missiles
 p - a boomerang
 s - 3 poisoned darts
Jewellery
 d - a +6 ring of intelligence (left tentacle)
 i - a +6 ring of dexterity (right tentacle)
Talismans
 b - a beast talisman
 c - a flux talisman
Scrolls
 e - a scroll of enchant weapon {unknown}
 f - a scroll of enchant armour {unknown}
 j - 2 scrolls of identify {unknown}
 l - a scroll of teleportation {unknown}
 m - a scroll of blinking {unknown}
Potions
 a - 2 potions of lignification
 g - a potion of cancellation {unknown}
 h - a potion of degeneration {unknown}
 k - a potion of attraction {unknown}
 n - 2 potions of curing {unknown}
 q - a potion of brilliance {unknown}
 r - a potion of haste {unknown}


   Skills:
 + Level 2.4 Fighting
 + Level 0.8 Throwing
 - Level 2.0 Dodging
 + Level 3.7 Unarmed Combat
 * Level 4.3 Shapeshifting


You had 4 spell levels left.
You didn't know any spells.
Your spell library contained the following spells:

 Spells                   Type           Power      Damage    Failure   Level
 Stone Arrow              Conj/Erth      0%         3d7       54%         3
 Malign Gateway           Summ/Tloc      0%         N/A       100%        7
 Lehudib's Crystal Spear  Conj/Erth      0%         10d2      100%        8
 Summon Horrible Things   Summ           0%         N/A       100%        8
 Animate Armour           Summ/Erth      Unusable   N/A       N/A         4

Dungeon Overview and Level Annotations

Branches:
Dungeon (4/15)
 Temple: D:4-7

Altars:
Cheibriados

Shops:
D:4 :

Annotations:
D:4 Xavori's ghost, amateur DjCK


Innate Abilities, Weirdness & Mutations

You are a hulking beast.
Your limbs bulge with bestial killing power. (Slay +2)
You cannot wear most types of armour.
You are amphibious.
You can wear up to eight rings at the same time.
Your skin changes colour to match your surroundings (Stealth+).
Your rubbery body absorbs attacks. (AC +1, EV +1)
((You are camouflaged when in or above water. (Stealth+)))
You have tentacles for arms and can constrict up to eight enemies at once.


Message History

You tentacle-slap the gnoll. You grab the gnoll.
The gnoll is moderately wounded.
You constrict the gnoll. You constrict the ball python.
The gnoll hits you with a +0 spear. The ball python closely misses you.
The ball python constricts you.
Unknown command.
You bludgeon the gnoll!
You kill the gnoll!
You constrict the ball python.
You kill the ball python!
Unknown command.
You start resting.
An orc comes into view. It is wielding a +0 whip.
An orc is nearby!
An orc comes into view. It is wielding a +0 dagger.
Found a fizzy silvery potion.
The orc shouts! x2
An orc comes into view. It is wielding a +0 whip.
The orc moves out of view.
An orc wizard comes into view. It is wielding a +0 dagger.
You tentacle-slap the orc. You grab the orc.
The orc is heavily wounded.
You constrict the orc, but do no damage.
The orc wizard gestures wildly while chanting.
The orc wizard flickers and vanishes!
Deactivating autopickup; reactivate with Ctrl-A.
The orc hits you with a +0 whip.
You release your grip on the orc.
The orc attacks as it pursues you! The orc misses you.
Unknown command.
The orc shouts!
The orc attacks as it pursues you! The orc misses you.
Xavori's ghost turns its malevolent gaze towards you.
The orc attacks as it pursues you! The orc hits you with a +0 whip.
A puff of flame appears from out of thin air!
The puff of flame hits you!
* * * LOW HITPOINT WARNING * * *
A puff of flame appears from out of thin air!
The puff of flame hits you!
You die...

#.........#
#.........#.
#.........#.#
.........#..
##........#.#
#.........#W#
#.........#F...
#..<......##8..
#...h......#### #
##............ ©.
#....o........ ...
#...##.o.....###.!
..######.##......#
.........$..##.##.##..
#####......)...{.....#
#.#.#...)..###o... #.
#....[##.# #


You could see a bullfrog, Xavori's ghost and 2 orcs.

Vanquished Creatures
  A mummy (D:3)
  2 gnolls (D:4)
  3 adders
  A worm (D:2)
  A dart slug (D:2)
  4 orcs (D:3)
  6 bats
  8 endoplasms
  2 giant cockroaches
  6 hobgoblins
  6 jackals
  4 quokkas
  12 ball pythons
  4 frilled lizards
  5 goblins
  4 kobolds
  6 rats
75 creatures vanquished.

Notes
Turn   | Place    | Note
-------+----------+-------------------------------------------
     0 | D:1      | LeprechaunX the Octopode Shapeshifter began the quest for
                  | the Orb.
     0 | D:1      | Reached XP level 1. HP: 13/13 MP: 1/1
    91 | D:1      | Reached XP level 2. HP: 14/18 MP: 2/2
   424 | D:1      | Reached XP level 3. HP: 20/23 MP: 3/3
  1238 | D:2      | Reached XP level 4. HP: 25/29 MP: 4/4
  1820 | D:3      | Reached skill level 4 in Shapeshifting
  2057 | D:3      | Found a snail-covered altar of Cheibriados.
  2396 | D:3      | Reached XP level 5. HP: 28/34 MP: 5/5
  2660 | D:4      | Found Seinoa's Book Emporium.
  2685 | D:4      | Noticed Xavori's ghost (amateur DjCK)
  2713 | D:4      | Killed from afar by an orc wizard

Illustrated notes

Levels and vault maps discovered:
D:1:      doesnt_arrival_eight_statues, layout_loops_ring
D:2:      layout_basic, minmay_tetromino_i2
D:3:      layout_basic, slow_altar_2, small_statue_intersection
D:4:      layout_rooms, nicolae_dithmenos_through_a_glass_darkly, serial_shops,
          nicolae_book_shop_shelving, gammafunk_ghost_arena

Skill      XL: |  1  2  3  4 |
---------------+-------------+-----
Fighting       | 2 |  2.4
Shapeshifting  | 4 |  4.3
Throwing       | |  0.8
Dodging        | |  2.0
Unarmed Combat | |  3.7

Action                     |  1- 3 |  4- 6 || total
---------------------------+-------+-------++-------
  Melee: Unarmed           |    76 |    59 ||   135
         Constrict         |    22 |    18 ||    40
         Tentacles         |    14 |    10 ||    24
         Punch             |     2 |     3 ||     5
   Stab: Sleeping          |     8 |     2 ||    10
 Armour: Skin              |    24 |    21 ||    45
  Dodge: Dodged            |    43 |    34 ||    77

Table legend: (Time is in decaauts)
 A = Elapsed time spent in this place.
 B = Non-inter-level travel time spent in this place.
 C = Inter-level travel time spent in this place.
 D = Time resting spent in this place.
 E = Time spent auto-exploring this place.
 F = Levels seen in this place.
 G = Mean time per level.
                   A        B        C        D        E       F      G
               +--------+--------+--------+--------+--------+-----+--------+
         Total |   2703 |   2546 |    157 |     26 |   2119 |   4 |  675.8 |
       Dungeon |   2703 |   2546 |    157 |     26 |   2119 |   4 |  675.8 |
               +--------+--------+--------+--------+--------+-----+--------+

Top non-repeatable levels by time:
     D:2: 1045 daAuts
     D:3: 865 daAuts
     D:1: 737 daAuts
     D:4: 55 daAuts
